Cogmind - Beta 14 @@@ ROGUE MODE // 2024.12.26 @ 14:22:18 Player: x1b Result: Core destroyed Performance ------------- Evolutions (0) 0 Regions Visited (2) 400 Robots Destroyed (0) 0 Value Destroyed (0) 0 Prototype IDs (0) 0 Alien Tech Used (0) 0 Bonus (0) 0 TOTAL SCORE: 400 Bonus ------- None Cogmind --------- Core Integrity 0/250 Matter 300/300 Energy 100/100 System Corruption 47% Temperature Cool (0) Movement Core (100) Ox1 Location -10/Mines Parts ------- > --- POWER (1) -------- (None) > --- PROPULSION (2) --- (None) > --- UTILITY (2) ------ Small Storage Unit > --- WEAPON (2) ------- (None) > --- INVENTORY (8) ---- Aluminum Leg Wheel Medium Storage Unit Structural Scanner Sensor Array Light Assault Rifle Light Assault Rifle Grenade Launcher Peak State ------------ > --- POWER ------------ Ion Engine > --- PROPULSION ------- Aluminum Leg Aluminum Leg > --- UTILITY ---------- Small Storage Unit Structural Scanner > --- WEAPON ----------- Light Assault Rifle Grenade Launcher > --- INVENTORY -------- Light Ion Engine Wheel Light Assault Rifle [Rating: 7] Favorites ----------- Power Light Ion Engine Engine Light Ion Engine Propulsion Aluminum Leg Leg Aluminum Leg Utility Small Storage Unit Device Structural Scanner Storage Small Storage Unit Weapon Grenade Launcher Ballistic Gun Light Assault Rifle Launcher Grenade Launcher Special Weapon Mining Laser Build | -11 -10 -10 ------- Run | Yrd Mat Min Slots Evolved . | . . . Power . | . . . Propulsion . | . . . Utility . | . . . Weapon . | . . . Parts Attached 14 | 7 7 . Power 3 | 2 1 . Engine 3 | 2 1 . Core . | . . . Reactor . | . . . Propulsion 3 | 2 1 . Treads . | . . . Leg 3 | 2 1 . Wheel . | . . . Hover . | . . . Flight . | . . . Utility 3 | 1 2 . Device 2 | . 2 . Storage 1 | 1 . . Processor . | . . . Hackware . | . . . Protection . | . . . Artifact . | . . . Weapon 5 | 2 3 . Energy Gun . | . . . Energy Cannon . | . . . Ballistic Gun 2 | 2 . . Ballistic Cannon . | . . . Launcher 2 | . 2 . Special Weapon 1 | . 1 . Impact Weapon . | . . . Slashing Weapon . | . . . Piercing Weapon . | . . . Special Melee Weapon . | . . . Unidentified Prototypes . | . . . Parts Lost 1 | . . 1 Power . | . . . Propulsion . | . . . Utility . | . . . Weapon 1 | . . 1 Highest Loss Streak 1 | . . 1 To Critical Strikes . | . . . Average Slot Usage (%) 81 | . 87 74 Engine 12 | . 14 11 Leg 15 | . 18 11 Device 12 | . 12 11 Storage 14 | . 14 14 Ballistic Gun 2 | . 4 . Launcher 12 | . 12 11 Special Weapon 11 | . 9 13 Peak Build Rating 7 | 6 7 6 Average Rating 5 | 4 6 5 On Entrance 4 | . 6 6 Naked Turns . | . . . Heaviest Build 15 | 12 15 13 Greatest Support 20 | 20 20 10 Greatest Overweight (x) 4 | . 4 1 Average Overweight (x) . | . . 1 Largest Inventory Capacity 8 | 8 8 8 Average Capacity 7 | 6 8 8 Most Carried 8 | 2 4 8 Average Carried 3 | 1 3 4 Final Capacity 8 | 8 8 8 Final Carried 8 | 2 4 8 Class Distribution -------------------- 100% | Mutant Dominant Class ---------------- Mutant | -10/Materials Mutant | -10/Mines Resources | -11 -10 -10 ----------- Run | Yrd Mat Min Matter Collected 351 | 202 . 149 Remotely . | . . . Salvage Created . | . . . Parts . | . . . Haulers Intercepted . | . . . Recyclers Shooed . | . . . Parts Field Recycled . | . . . Retrieved Matter . | . . . Parts Self-Destructed . | . . . Prevented . | . . . Kills | -11 -10 -10 ------- Run | Yrd Mat Min Combat Hostiles Destroyed . | . . . Classes Destroyed . | . . . Best Kill Streak . | . . . Combat Bots Only . | . . . Max Kills in Single Turn . | . . . Gunslinging . | . . . Exploded . | . . . Melee . | . . . Uniques/NPCs Destroyed . | . . . Combat | -11 -10 -10 -------- Run | Yrd Mat Min Hostile Shots Fired 1 | . . 1 Missed 1 | . . 1 Damage Taken 357 | . 9 348 Core 254 | . . 254 Absorbed by Shields . | . . . Core Remaining (%) 100 | 100 . . Volleys Fired 1 | . 1 . Largest 2 | . 2 . Hottest 50 | . 50 . Shots Fired 2 | . 2 . Gun 1 | . 1 . Cannon . | . . . Launcher 1 | . 1 . Special . | . . . Kinetic 1 | . 1 . Thermal . | . . . Explosive 1 | . 1 . Electromagnetic . | . . . Robot Hit Streak 1 | . 1 . Robot Miss Streak 1 | . 1 . Penetration Max . | . . . Secondary Targets . | . . . Shots Hit Robots 1 | . 1 . Core Hits . | . . . Critical Kills . | . . . Critical Parts Destroyed . | . . . Critical Strikes . | . . . Melee Attacks . | . . . Impact . | . . . Slashing . | . . . Piercing . | . . . Sneak Attacks . | . . . Combat Hostiles . | . . . Follow-up Attacks . | . . . Damage Inflicted 234 | . 50 184 Guns . | . . . Cannons . | . . . Explosions 46 | . 46 . Melee . | . . . Ramming 188 | . 4 184 Kinetic . | . . . Thermal . | . . . Explosive 46 | . 46 . Electromagnetic . | . . . Impact . | . . . Slashing . | . . . Piercing . | . . . Highest Corruption 47 | . . 47 Average Corruption 25 | . . 25 Corruption Purged . | . . . Corruption Blocked . | . . . Effects 2 | . . 2 Message Errors 1 | . . 1 Data Loss (major) 1 | . . 1 Overload Shots . | . . . Overflow Damage . | . . . Projectiles . | . . . Explosions . | . . . Melee . | . . . Knockbacks . | . . . Impact . | . . . Kinetic . | . . . Secondary . | . . . Self-Inflicted Damage 193 | . 9 184 Shots 1 | . 1 . Rammed . | . . . Targets Rammed 1 | . . 1 Kicked 1 | . . 1 Crushed . | . . . Highest Temperature 10 | . 10 . Average Temperature 7 | . 7 . Received Heat Transfer . | . . . Siege Activations . | . . . Robots Corrupted . | . . . Combat Hostiles . | . . . Parts Fried . | . . . Impact Corruptions . | . . . Robots Melted . | . . . Combat Hostiles . | . . . Parts Melted . | . . . Heat Transferred . | . . . Parts Sabotaged . | . . . Parts Stolen . | . . . Parts Stripped . | . . . Power Chain Reactions . | . . . Alert | -11 -10 -10 ------- Run | Yrd Mat Min Peak Influence 36 | . 36 13 Initial 13 | . . 13 Average 16 | . 25 12 Maximum Alert Level . | . . . Low Security (%) 100 | 100 100 100 Level 1 . | . . . Level 2 . | . . . Level 3 . | . . . Level 4 . | . . . Level 5 . | . . . High Security . | . . . Max Security . | . . . Squads Dispatched 1 | . 1 . Investigation . | . . . Extermination . | . . . Reinforcement 1 | . 1 . Assault . | . . . Garrison . | . . . Intercept . | . . . Searches Triggered . | . . . Construction Impeded . | . . . Haulers Reinforced . | . . . Active Scanning Responses . | . . . Cargo Convoy Interrupts . | . . . Stealth | -11 -10 -10 --------- Run | Yrd Mat Min Distress Signals . | . . . Communications Jammed . | . . . Distress Signals . | . . . Times Spotted 6 | . 4 2 Peak Tracking Total 3 | . 2 3 Tactical Retreats . | . . . Traps | -11 -10 -10 ------- Run | Yrd Mat Min Traps Triggered 1 | . 1 . Indirectly . | . . . Trap Hack Attempts . | . . . Triggered . | . . . Disarmed . | . . . Reprogrammed . | . . . Reused . | . . . Traps Extracted . | . . . Installed . | . . . Triggered . | . . . Machines | -11 -10 -10 ---------- Run | Yrd Mat Min Machines Disabled . | . . . Max in Single Turn . | . . . Machines Repaired . | . . . Machines Dismantled . | . . . Machines Sabotaged . | . . . Overloaded Fab Kills . | . . . Hacking | -11 -10 -10 --------- Run | Yrd Mat Min Machines Accessed . | . . . Terminals . | . . . Fabricators . | . . . Repair Stations . | . . . Recycling Units . | . . . Scanalyzers . | . . . Garrison Access . | . . . Total Hacks . | . . . Successful . | . . . Failed . | . . . Catastrophic . | . . . Database Lockouts . | . . . Manual . | . . . Terminals . | . . . Fabricators . | . . . Repair Stations . | . . . Recycling Units . | . . . Scanalyzers . | . . . Garrison Access . | . . . Terminal Hacks . | . . . Fabricator Hacks . | . . . Repair Station Hacks . | . . . Recycling Unit Hacks . | . . . Scanalyzer . | . . . Garrison Access Hacks . | . . . Unauthorized Hacks . | . . . Terminals . | . . . Fabricators . | . . . Repair Stations . | . . . Recycling Units . | . . . Scanalyzers . | . . . Garrison Access . | . . . Data Cores Recovered . | . . . Used . | . . . Hacking Detections . | . . . Full Trace Events . | . . . Feedback Events . | . . . Feedback Blocked . | . . . Robot Schematics Acquired . | . . . Robots Built . | . . . Authchips . | . . . Time . | . . . Total Robot Build Rating . | . . . Part Schematics Acquired . | . . . Parts Built . | . . . Authchips . | . . . Time . | . . . Total Part Build Rating . | . . . Parts Repaired . | . . . Time . | . . . Parts Recycled . | . . . Recycled Matter . | . . . Retrieved Matter . | . . . Retrieved Components . | . . . Parts Scanalyzed . | . . . Part Schematics Acquired . | . . . Parts Damaged . | . . . Bothacking | -11 -10 -10 ------------ Run | Yrd Mat Min Used RIF Installer . | . . . Robots Hacked . | . . . Non-combat . | . . . Combat . | . . . Robot Hacks Applied . | . . . Relay Couplers Released . | . . . Fabnet Peak Effective % . | . . . Robots Rewired . | . . . Allies Hacked . | . . . Hacks Repelled . | . . . Allies | -11 -10 -10 -------- Run | Yrd Mat Min Total Allies 4 | . . 4 Largest Group 4 | . . 4 Highest-Rated Group 66 | . . 66 Highest-Rated Ally 26 | . . 26 Total Orders . | . . . Ally Attacks . | . . . Total Damage . | . . . Kills . | . . . Allies Corrupted . | . . . Allies Melted . | . . . Intel | -11 -10 -10 ------- Run | Yrd Mat Min Robot Analysis Total . | . . . Derelict Logs Recovered 1 | . . 1 Drone Launches . | . . . Drone Recoveries . | . . . Exploration | -11 -10 -10 ------------- Run | Yrd Mat Min Turns Passed 702 | 80 313 309 Spaces Moved 380 | 61 183 136 Core 7 | 5 2 . Treads . | . . . Legs 373 | 56 181 136 Wheels . | . . . Hover . | . . . Flight . | . . . Fastest Speed 50 | 50 120 190 Average Speed 164 | 114 161 190 Slowest Speed 250 | 120 250 190 Overloaded Moves . | . . . Propulsion Burnouts . | . . . Robots Hopped . | . . . Cave-ins Triggered . | . . . Exploration Rate (%) 17 | 3 31 18 Regions Visited 2 Branch Regions 1 Pre-discovered Areas 1 | . . 1 Known Exits Taken . | . . . Unknown Exits Taken 2 | 1 1 . Scrap Searched . | . . . Spaces Dug . | . . . Terrain Destroyed 5 | . 5 . Melee . | . . . Projectile . | . . . AOE 5 | . 5 . Terrain Rammed 47 | . 1 46 Walls Destroyed . | . . . Machines Disabled . | . . . Actions | -11 -10 -10 --------- Run | Yrd Mat Min Total 452 | 68 197 187 Wait . | . . . Move 378 | 60 182 136 Hop . | . . . Pick Up 5 | 1 3 1 Fast Attach 9 | 6 3 . Attach 1 | . 1 . Detach 4 | . 1 3 Swap 4 | 1 3 . Drop 3 | . 2 1 Fire 1 | . 1 . Melee . | . . . Ram 46 | . 1 45 Kick 1 | . . 1 Crush . | . . . Escape Stasis . | . . . Rewire . | . . . Trap . | . . . Miscellaneous . | . . . Route ------- -11/Scrapyard -10/Materials (discovered 3 exits: [*Mat] / [*Min x2]) -10/Mines History --------- Turn | Location | Event 5 | -11/Scrapyard | Discovered new exit (range 15) 81 | -11/Scrapyard | Entered Materials 129 | -10/Materials | Discovered new exit (range 15) 281 | -10/Materials | Discovered new exit (range 8) 301 | -10/Materials | Build established: Mutant 322 | -10/Materials | Discovered new exit (range 15) 394 | -10/Materials | Entered Mines 398 | -10/Mines | Learned Materials terminal intel 449 | -10/Mines | Escorted by a lone wolf Derelict 469 | -10/Mines | Learned location of Storage (-8) 548 | -10/Mines | Assisted by bots powering up and referring to "LRC-V3" 655 | -10/Mines | Excavation squad dispatched 655 | -10/Mines | A large section of the Mines collapsed 670 | -10/Mines | System corruption reached 10% 683 | -10/Mines | Core integrity fell below 50% 684 | -10/Mines | System corruption reached 30% 697 | -10/Mines | Core integrity fell below 20% 703 | -10/Mines | Core destroyed Last Messages --------------- Slammed into Earth. Destabilizing: Core damaged (-5). Slammed into Earth. Destabilizing: Core damaged (-10). Slammed into Earth. Destabilizing: Core damaged (-10). Slammed into Earth. Destabilizing: Core damaged (-5). Slammed into Earth. Destabilizing: Core damaged (-5). System corrupted: Substantial component data lost. Slammed into Earth. Destabilizing: Core damaged (-2). Destabilizing: Core damaged (-7). Slammed into Earth. Destabilizing: System corrupted (+2). Destabilizing: System corrupted (+1). Slammed into Earth. Destabilizing: Core damaged (-12). Map ----- +----------------------------------------------------+ | | | | | | | | | | | | | | | | | | | | | | | | | | | | | | | | | | | | | | | | | ???????????????????????????????????????????? | | ???????????????????????????????????????????? | | ###################?????????######?????????? | | ###################??##############????????? | | ##??####### ###????????? | | ##??####@## ##????????? | | ############### ##??##%#### ###????????? | | ############### ##??## #### ####????????? | | ?????????????## ##??##%#### #############? | | ???????######## ###### ###################? | | ???????######## ###### ### ##? | | ???????## ### ### ! ##? | | ???????## ### ### ! ##? | | ???????## ### ### ! ##? | | ???????###### !! ##? | | ???????## ## ####### ##? | | ??????????? ##### ######### ##? | | ??????????? ##### ####???##################? | | ???????????????## ##?????##################? | | ???????????????## ##???????????????????????? | | ???????????????## ##???????????????????????? | | ???????????????## ##???????????????????????? | | ???????????????## ##???????????????????????? | | ???????????????## ##???????????????????????? | | ???????????????? ##???????????????????????? | | ????????????????####???????????????????????? | | ????????????????###????????????????????????? | | ???????????????????????????????????????????? | | ???????????????????????????????????????????? | | ???????????????????????????????????????????? | +----------------------------------------------------+ Best States ------------- Heat Dissipation 25 Energy Generation 10 Energy Capacity 250 Matter Stores 300 Matter Capacity 300 Sight Range 16 Terrain Scan Density 10 Evasion (%) 55 Item Schematics ----------------- None Robot Schematics ------------------ None Fabricated ------------ Nothing Alien Tech Used ----------------- None Achievements -------------- None Challenges ------------ None Game ------ Seed GravitonHoverStabilizer Manual? 0 Play Time 00:08:09 Cumulative 3.4 hours Start 2024.12.26 @ 14:14:44 End 2024.12.26 @ 14:22:18 Sessions 1 Manual Loads 0 Difficulty Rogue Special Mode None Game No. 13 Rogue 7 Adventurer 6 Explorer 0 Win Type - Total 0 Types 0/0/0/0/0/0/0/0/0 Lore% 2 Gallery% 8 Achievement% 8 Wizard Run 0 Options --------- Layout 1 ASCII 0 Keyboard 0 Movement Arrows Keybinds 0 Fullscreen 1 Font 24/Smallcaps Map View 50x35 Zoom Use 0% Tactical HUD 0 Map Filters NONE Filters NONE Steam 1 RUN: efe2171d-3f64-4741-93cc-442bdd08ad50